 Dungeon Crawl Stone Soup version 0.19.3-4-gbf9329e (console) character file.

78 Grinner the Cudgeler (level 4, -3/48 HPs)
             Began as an Ogre Monk on Jan 30, 2017.
             Slain by Purgy (7 damage)
             ... on level 3 of the Dungeon.
             The game lasted 00:03:13 (2356 turns).

Grinner the Cudgeler (Ogre Monk)                    Turns: 2356, Time: 00:03:13

Health: -3/48      AC:  3    Str: 17    XL:     4   Next: 36%
Magic:  4/4        EV: 11    Int:  9    God:
Gold:   183        SH:  0    Dex: 12    Spells: 0 memorised, 3 levels left

rFire  . . .     SeeInvis .     a - +0 mace
rCold  . . .     Gourm    .     b - +0 robe
rNeg   . . .     Faith    .     (no shield)
rPois  .         Spirit   .     (helmet restricted)
rElec  .         Reflect  .     (no cloak)
rCorr  .         Harm     .     (gloves unavailable)
MR     +....                    (boots unavailable)
Stlth  ++........               (no amulet)
                                (no ring)
                                p - ring of protection from magic

@: no status effects
A: unfitting armour, tough skin 1, wild magic 1
a: no special abilities


You were on level 3 of the Dungeon.
You were not hungry.

You visited 1 branch of the dungeon, and saw 3 of its levels.

You collected 183 gold pieces.

Inventory:

Hand Weapons
 a - a +0 mace (weapon)
Armour
 b - a +0 robe (worn)
Jewellery
 p - a ring of protection from magic (left hand)
Scrolls
 f - a scroll of amnesia {unknown}
 g - 2 scrolls of immolation {unknown}
 i - 2 scrolls of random uselessness {unknown}
 n - 3 scrolls of identify {unknown}
 o - a scroll of magic mapping {unknown}
 q - a scroll of noise {unknown}
 r - a scroll of fear {unknown}
 s - a scroll of enchant weapon {unknown}
 t - a scroll of teleportation {unknown}
Potions
 e - a potion of brilliance
 j - a potion of curing
Comestibles
 c - a bread ration
 d - a beef jerky
 m - 5 fruits


   Skills:
 - Level 4.0 Fighting
 * Level 5.8 Maces & Flails
 + Level 3.5 Dodging
 - Level 1.4 Stealth


You had 3 spell levels left.
You didn't know any spells.

Dungeon Overview and Level Annotations

Branches:
Dungeon (3/15)

Altars:

Annotations:
D:3 Grinder, Purgy


Innate Abilities, Weirdness & Mutations

You are too large for most types of armour.
You have tough skin. (AC +1)
Your spells are a little harder to cast, but a little more powerful.


Message History

The gnoll hits you from afar with a spear.
* * * LOW HITPOINT WARNING * * *
Purgy bites you.
* * * LOW HITPOINT WARNING * * *
Purgy closely misses you. Purgy claws you.
* * * LOW HITPOINT WARNING * * *
It was a potion of beneficial mutation.
You feel less in control of your magic.
You feel fantastic!
The gnoll hits you from afar with a spear.
* * * LOW HITPOINT WARNING * * *
Purgy bites you but does no damage. Purgy claws you.
* * * LOW HITPOINT WARNING * * *
Purgy claws you.
* * * LOW HITPOINT WARNING * * *
You feel better.
The gnoll hits you from afar with a spear.
* * * LOW HITPOINT WARNING * * *
Purgy bites you!
You die...

.. #.........# #....# .#
#...†.....# #....#
.####.........# #....#
.#..(......)..# #....#
.#.##.#+####.## #....#
<.........##.# #....#
..........##.# #gg..#
..........##.####Tw..#
..........##....@#####
..........######.#######
..........# #.......#
..........# #######.#
..........# #.#######
..........############........
......................#######
.........############.# #
.........# .... .#


You could see Purgy, a worm and 2 gnolls.

Vanquished Creatures
  2 gnolls (D:3)
  An adder (D:2)
  A worm (D:2)
  2 dart slugs (D:2)
  7 bats
  5 goblins
  6 hobgoblins
  A quokka (D:2)
  4 ball pythons
  A frilled lizard (D:2)
  5 kobolds
  9 rats
44 creatures vanquished.

Notes
Turn   | Place    | Note
-------+----------+-------------------------------------------
     0 | D:1      | Grinner the Ogre Monk began the quest for the Orb.
     0 | D:1      | Reached XP level 1. HP: 24/24 MP: 1/1
   406 | D:1      | Reached XP level 2. HP: 32/32 MP: 2/2
  1329 | D:2      | Reached XP level 3. HP: 21/39 MP: 3/3
  1527 | D:2      | Reached skill level 5 in Maces & Flails
  1961 | D:2      | Found a faded altar of an unknown god.
  2037 | D:3      | Noticed Grinder
  2037 | D:3      | Paralysed by Grinder for 4 turns
  2272 | D:3      | Reached XP level 4. HP: 44/48 MP: 4/4
  2293 | D:3      | Noticed Purgy
  2355 | D:3      | Gained mutation: Your spells are a little harder to cast, but a little more powerful. [potion of beneficial mutation]
  2355 | D:3      | HP: 2/48 [Purgy (2)]
  2356 | D:3      | Slain by Purgy

Skill      XL: |  1  2  3 |
---------------+----------+-----
Dodging        | 3 |  3.5
Maces & Flails | 5 |  5.8
Fighting       | |  4.0
Stealth        | |  1.4

Action                   |  1- 3 |  4- 6 || total
-------------------------+-------+-------++-------
Melee: Mace              |   145 |    53 ||   198
  Use: Potion            |       |     6 ||     6
 Stab: Sleeping          |     3 |       ||     3
  Eat: Meat ration       |     1 |       ||     1
Armor: Robe              |    25 |     2 ||    27
       Skin              |       |   115 ||   115
Dodge: Dodged            |    90 |    33 ||   123
